 Dungeon Crawl Stone Soup version 0.25-a0-651-g8c222c7a2b (webtiles) character file.

Game seed: 2060321369776770003, levelgen mode: deterministic

25 Kohma the Firebug (level 2, 0/21 HPs)
             Began as a Demonspawn Fire Elementalist on Mar 22, 2020.
             Slain by a kobold (1 damage)
             ... on level 1 of the Dungeon.
             The game lasted 00:03:21 (888 turns).

Kohma the Firebug (Demonspawn Fire Elementalist)     Turns: 888, Time: 00:03:21

Health: 0/21       AC:  2    Str:  8    XL:     2   Next: 82%
Magic:  0/5        EV: 12    Int: 16    God:
Gold:   14         SH:  0    Dex: 13    Spells: 4/5 levels left

rFire    . . .     SeeInvis .   d - +0 mace
rCold    . . .     Gourm    .   (no shield)
rNeg     . . .     Faith    .   a - +0 robe
rPois    .         Spirit   .   (no helmet)
rElec    .         Reflect  .   (no cloak)
rCorr    .         Harm     .   (no gloves)
MR       .....                  (no boots)
Stlth    +++.......             (no amulet)
HPRegen  0.07/turn              (no ring)
MPRegen  0.09/turn              (no ring)

@: no status effects
A: nightstalker 1
a: no special abilities


You were on level 1 of the Dungeon.
You were not hungry.

You visited 1 branch of the dungeon, and saw 1 of its levels.

You collected 14 gold pieces.

Inventory:

Hand Weapons
 d - a +0 mace (weapon)
Missiles
 b - 49 stones (quivered)
Armour
 a - a +0 robe (worn)
Jewellery
 e - an uncursed amulet of rage {unknown}
 f - a cursed ring of teleportation {unknown}
Scrolls
 g - 2 scrolls of amnesia {unknown}
 h - a scroll of fog {unknown}
Comestibles
 c - a ration
 i - 8 chunks of flesh


   Skills:
 + Level 1.2 Fighting
 - Level 2.0 Dodging
 + Level 2.3 Stealth
 - Level 2.0 Spellcasting
 - Level 1.0 Conjurations
 - Level 3.0 Fire Magic


You had 4 spell levels left.
You knew the following spells:

 Your Spells              Type           Power        Failure   Level  Hunger
a - Foxfire               Conj/Fire      #...         9%          1    #......

Your spell library contained the following spells:

 Spells                   Type           Power        Failure   Level  Hunger
 Conjure Flame            Conj/Fire      #.......     26%         3    ###....
 Inner Flame              Hex/Fire       #.......     32%         3    ###....
 Sticky Flame             Conj/Fire      #.......     65%         4    #####..
 Fireball                 Conj/Fire      #.........   94%         5    ######.


Dungeon Overview and Level Annotations

Branches:
Dungeon (1/15)

Altars:


Innate Abilities, Weirdness & Mutations

You are slightly more attuned to the shadows.


Message History

You closely miss the kobold. The kobold barely misses you.
The kobold misses you.
You hit the kobold but do no damage. The kobold hits you.
* * * LOW HITPOINT WARNING * * *
You hit the kobold.
The kobold is severely wounded.
The kobold hits you.
* * * LOW HITPOINT WARNING * * *
The kobold hits you.
* * * LOW HITPOINT WARNING * * *
Casting: Foxfire (safe; 9% risk of failure)
Confirm with . or Enter, or press ? or * to list all spells.
Nothing appears to happen.
The kobold completely misses you.
Casting: Foxfire (safe; 9% risk of failure)
Confirm with . or Enter, or press ? or * to list all spells.
Nothing appears to happen.
The kobold barely misses you.
You hit the kobold but do no damage.
The kobold is moderately wounded.
The kobold hits you.
You die...

#....###........ #........##.....
#........##.#.÷. ..############
###.....## #... ......h.Kh..†#
##...###.####
.###.#######.#########.#####.....
h.. ......(....................
...#l ..####.#########.......####
.h... #...K@# #.####### # .# #.
###########.###### # . ..
#...........# # .#####'#####. #
###≈≈≈≈≈≈≈### #≈≈≈....§§§≈# .
#........§..# . ######'######
##.##### ###8#8'8### ####


You could see a kobold.

Vanquished Creatures
  An ooze (D:1)
  3 goblins (D:1)
  4 hobgoblins (D:1)
  4 jackals (D:1)
  3 frilled lizards (D:1)
  2 kobolds (D:1)
  2 rats (D:1)
19 creatures vanquished.

Vanquished Creatures (others)
  31 foxfires (D:1)
31 creatures vanquished.

Grand Total: 50 creatures vanquished

Notes
Turn   | Place    | Note
-------+----------+-------------------------------------------
     0 | D:1      | Kohma the Demonspawn Fire Elementalist began the quest for
                  | the Orb.
     0 | D:1      | Reached XP level 1. HP: 13/13 MP: 3/3
   280 | D:1      | Gained mutation: You are slightly more attuned to the
                  | shadows. [demonic ancestry]
   280 | D:1      | Reached XP level 2. HP: 7/20 MP: 3/5
   731 | D:1      | Reached skill level 1 in Fighting
   752 | D:1      | Reached skill level 3 in Fire Magic
   885 | D:1      | HP: 1/21 [kobold (1)]
   888 | D:1      | Slain by a kobold

Levels and vault maps discovered:
D:1:      dpeg_arrival_morbid_curiosity, layout_basic

Skill      XL: |  1  2 |
---------------+-------+-----
Dodging        | 2 |  2.0
Stealth        | 2 |  2.3
Fighting       | 1 |  1.2
Fire Magic     | 3 |  3.0
Spellcasting   | |  2.0
Conjurations   | |  1.0

Action                   || total
-------------------------++-------
Melee: Mace              ||    26
       Unarmed           ||     3
Throw: Stone             ||     2
 Cast: Foxfire           ||    23
 Stab: Sleeping          ||     1
Armor: Robe              ||    12
Dodge: Dodged            ||    36

Table legend:
 A = Non-vault XP
 B = Vault XP
 C = Vault XP percentage of total XP
 D = Non-vault monster count
 E = Vault monster count
 F = Vault count percentage of total count
                 A         B        C        D         E       F
            +---------+---------+-------+---------+---------+-------
      Total |      27 |       9 |  25.0 |      14 |       5 |  26.3
            +---------+---------+-------+---------+---------+-------
        D:1 |      27 |       9 |  25.0 |      14 |       5 |  26.3
            +---------+---------+-------+---------+---------+-------
